 Dungeon Crawl Stone Soup version 0.27-a0-1595-g0b823d0a13 (webtiles) character file.

Game seed: 3586051206443091550

9207 ipx the Nimble (level 11, -18/61 HPs)
             Began as a Deep Elf Earth Elementalist on July 21, 2021.
             Was a Priest of Vehumet.
             Demolished by a wolf spider simulacrum (29 damage)
             ... on level 10 of the Dungeon.
             The game lasted 01:23:32 (3874 turns).

ipx the Nimble (Deep Elf Earth Elementalist)        Turns: 3874, Time: 01:23:32

Health: -18/61     AC:  6    Str:  5    XL:     11   Next: 20%
Magic:  6/25       EV: 17    Int: 24    God:    Vehumet [***...]
Gold:   411        SH:  0    Dex: 15    Spells: 10/26 levels left

rFire    . . .     SeeInvis .   a - staff of conjuration
rCold    . . .     Faith    .   (no shield)
rNeg     . . .     Spirit   .   M - +0 steam dragon scales
rPois    .         Reflect  .   K - +0 helmet
rElec    .         Harm     .   (no cloak)
rCorr    .         Rampage  .   (no gloves)
Will     +....                  (no boots)
Stlth    ++........             (no amulet)
HPRegen  0.20/turn              (no ring)
MPRegen  0.19/turn              (no ring)

@: no status effects
A: no striking features
a: Renounce Religion


You were on level 10 of the Dungeon.
You worshipped Vehumet.
Vehumet was most pleased with you.
You visited 3 branches of the dungeon, and saw 15 of its levels.

You collected 523 gold pieces.
You spent 112 gold pieces at shops.

Inventory:

Hand Weapons
 b - the +11 longbow "Cibac" {venom, Will- Str+3 Int+2}
   (You found it on level 2 of the Lair of Beasts)

   Any ammunition fired from it poisons the flesh of those it strikes.
   Str:       It affects your strength (+3).
   Int:       It affects your intelligence (+2).
   Will:      It decreases your willpower.
 q - a +2 short sword of venom
Missiles
 c - 247 stones
 g - 21 poisoned darts (quivered)
 v - 8 silver boomerangs
 y - a curare-tipped dart
 G - 62 arrows
Armour
 i - a +2 hat
 D - a +1 robe of cold resistance
 K - a +0 helmet (worn)
 M - +0 steam dragon scales (worn)
Magical Staves
 a - a staff of conjuration (weapon)
Jewellery
 B - an amulet of regeneration
 I - a ring of ice
Wands
 m - a wand of polymorph (9)
 n - a wand of flame (3)
Scrolls
 d - a scroll of fog
 e - 2 scrolls of brand weapon
 f - 2 scrolls of noise {unknown}
 p - a scroll of magic mapping {unknown}
 r - 2 scrolls of torment {unknown}
 t - a scroll of enchant armour {unknown}
 E - 2 scrolls of immolation {unknown}
 F - a scroll of fear {unknown}
 L - a scroll of enchant weapon {unknown}
 W - 4 scrolls of teleportation
Potions
 h - 4 potions of curing
 j - 4 potions of flight {unknown}
 k - a potion of lignification {unknown}
 l - 2 potions of mutation {unknown}
 o - a potion of cancellation {unknown}
 s - a potion of heal wounds
 u - 3 potions of haste {unknown}
 w - a potion of brilliance {unknown}
 x - a potion of invisibility {unknown}
 z - 3 potions of degeneration {unknown}
 A - 2 potions of might {unknown}
 C - a potion of attraction {unknown}
 H - a potion of berserk rage {unknown}
Miscellaneous
 J - a piece from Xom's chessboard (15/15)


   Skills:
 - Level 4.0 Fighting
 - Level 4.0 Bows
 - Level 11.0 Dodging
 - Level 2.4 Stealth
 - Level 8.0 Spellcasting
 - Level 5.0 Conjurations
 + Level 5.4 Hexes
 - Level 6.0 Transmutations
 - Level 10.0 Earth Magic
 - Level 4.0 Evocations


You had 10 spell levels left.
You knew the following spells:

 Your Spells              Type           Power      Damage    Failure   Level
a - Portal Projectile     Hex/Tloc       44%        N/A       6%          3
r - Stone Arrow           Conj/Erth      100%       3d13      1%          3
t - Petrify               Tmut/Erth      48%        N/A       2%          4
w - Passwall              Tmut/Erth      40%        N/A       1%          2
z - Sandblast             Erth           100%       2d20      1%          1
D - Dazzling Flash        Conj/Hex       100%       N/A       1%          3

Your spell library contained the following spells:

 Spells                   Type           Power      Damage    Failure   Level
 Sticky Flame             Conj/Fire      32%        2d5       6%          4
 Leda's Liquefaction      Hex/Erth       23%        N/A       2%          4
 Call Canine Familiar     Summ           9%         N/A       19%         3


Dungeon Overview and Level Annotations

Branches:
Dungeon (10/15)            Temple (1/1) D:4            Lair (4/6) D:9
  Swamp (0/4) Lair:4       Spider (0/4) Lair:2
    Orc: D:9-12

Altars:
Elyvilon
Fedhas
Gozag
Hepliaklqana
Nemelex Xobeh
Ru
Sif Muna
Trog
Uskayaw
Vehumet
Wu Jian
Xom
Yredelemnul
Zin

Shops:
D:5 *

Annotations:
Lair:1 1 transporter


Message History

Casting: Stone Arrow (safe; 1% risk of failure)
Confirm with . or Enter, or press ? or * to list all spells.
Aiming: Stone Arrow (safe; 1% risk of failure)
Press: ? - help, Shift-Dir - straight line, f/p - centaur warrior zombie
Aim: a centaur warrior zombie (severely damaged, 98% to hit)
You feel a surge of power!
The stone arrow hits the centaur warrior zombie!
The centaur warrior zombie is almost destroyed.
The centaur warrior zombie hits you but does no damage.
The centaur warrior zombie completely misses you.
Casting: Stone Arrow (safe; 1% risk of failure)
Confirm with . or Enter, or press ? or * to list all spells.
Aiming: Stone Arrow (safe; 1% risk of failure)
Press: ? - help, Shift-Dir - straight line, f/p - centaur warrior zombie
Aim: a centaur warrior zombie (almost destroyed, 98% to hit)
You feel a surge of power!
The stone arrow hits the centaur warrior zombie!
You destroy the centaur warrior zombie!
Vehumet accepts your kill.
You feel your power returning.
Your Hexes skill increases to level 5!
Press: ? - help, v - describe, . - travel
Here: a wolf spider simulacrum The floor.
Unknown command.
Unknown command.
Okay, then.
Unknown command.
Casting: Stone Arrow (safe; 1% risk of failure)
Confirm with . or Enter, or press ? or * to list all spells.
Aiming: Stone Arrow (safe; 1% risk of failure)
Press: ? - help, Shift-Dir - straight line, f - wolf spider simulacrum
Aim: a wolf spider simulacrum (92% to hit)
You feel a surge of power!
The stone arrow hits the wolf spider simulacrum!!
The wolf spider simulacrum is almost destroyed.
The wolf spider simulacrum hits you!
* * * LOW HITPOINT WARNING * * *
The wolf spider simulacrum freezes you!!
You die...

.....#
#..........#
.....#
#..........#
#..####.)#######.#
#........# #..
#........# #..
#........# #..
#........# #.#
#........# #.#
#@...[...# #.#
#.Z......# #.#
#........# #.
#........# #.
#.).<...... ..
............
..........)Z>
####........##
#........#


You could see a wolf spider simulacrum.

Vanquished Creatures
  A hydra (Lair:2)
  A gargoyle (D:10)
  6 cane toads
  A komodo dragon (Lair:2)
  A polar bear (Lair:2)
  Grinder (D:6)
  A hornet (D:9)
  12 yaks
  A tarantella (Lair:2)
  3 steam dragons
  2 water moccasins (Lair:2)
  An ice beast (D:5)
  4 black bears
  An orc warrior (D:9)
  3 centaurs
  A phantom (D:5)
  2 kobold brigands
  5 bullfrogs
  3 scorpions
  A water moccasin skeleton (D:5)
  A killer bee (D:8)
  8 wights
  A howler monkey (D:9)
  A bullfrog zombie (D:5)
  2 hounds
  2 centaur zombies
  6 orc priests
  2 bullfrog skeletons
  An iguana (D:6)
  9 orc wizards
  A killer bee zombie (D:6)
  A hound skeleton (D:2)
  3 gnolls (D:6)
  9 adders
  A white imp (D:7)
  A worm (D:2)
  12 orcs
  A bat (D:3)
  4 endoplasms
  2 giant cockroaches (D:1)
  4 goblins
  2 hobgoblins (D:1)
  5 jackals
  A quokka (D:3)
  2 ball pythons
  2 frilled lizards (D:2)
  14 kobolds
  3 rats (D:3)
152 creatures vanquished.

Vanquished Creatures (others)
  15 fungi
  13 plants
28 creatures vanquished.

Grand Total: 180 creatures vanquished

Notes
Turn   | Place    | Note
-------+----------+-------------------------------------------
     0 | D:1      | ipx the Deep Elf Earth Elementalist began the quest for the
                  | Orb.
     0 | D:1      | Reached XP level 1. HP: 10/10 MP: 6/6
     6 | D:1      | Noticed a redback
     6 | D:1      | Noticed a wolf
     6 | D:1      | Noticed a black bear
     6 | D:1      | Noticed a wyvern
   151 | D:1      | Reached XP level 2. HP: 12/15 MP: 6/8
   154 | D:1      | Learned a level 2 spell: Passwall
   283 | D:2      | Reached XP level 3. HP: 19/19 MP: 6/9
   287 | D:2      | Learned a level 3 spell: Stone Arrow
   533 | D:2      | Reached skill level 1 in Conjurations
   732 | D:3      | Reached skill level 5 in Earth Magic
   732 | D:3      | Reached XP level 4. HP: 24/24 MP: 6/10
   863 | D:3      | Found a faded altar of an unknown god.
  1011 | D:5      | Entered Level 5 of the Dungeon
  1011 | D:5      | Noticed a phantom
  1015 | D:4      | Noticed a centaur
  1022 | D:4      | Killed a centaur
  1023 | D:4      | Reached XP level 5. HP: 14/28 MP: 5/11
  1051 | D:4      | Found a staircase to the Ecumenical Temple.
  1088 | Temple   | Entered the Ecumenical Temple
  1134 | Temple   | Became a worshipper of Vehumet
  1241 | D:5      | Learned a level 4 spell: Petrify
  1289 | D:5      | Noticed an ice beast
  1295 | D:5      | Killed an ice beast
  1296 | D:5      | Reached XP level 6. HP: 32/32 MP: 4/12
  1313 | D:5      | Found Fosyaf's Assorted Antiques.
  1331 | D:5      | Reached skill level 5 in Conjurations
  1418 | D:5      | Reached XP level 7. HP: 36/36 MP: 9/13
  1565 | D:5      | Bought a tapered bronze wand for 112 gold pieces
  1610 | D:6      | Reached skill level 1 in Evocations
  1698 | D:6      | Reached XP level 8. HP: 41/41 MP: 11/14
  1708 | D:6      | Reached * piety under Vehumet
  1708 | D:6      | Offered knowledge of Magic Dart by Vehumet.
  1791 | D:6      | Noticed Grinder
  1798 | D:6      | Killed Grinder
  1964 | D:8      | Reached skill level 5 in Transmutations
  2012 | D:7      | Reached skill level 3 in Dodging
  2023 | D:8      | Reached skill level 1 in Fighting
  2133 | D:8      | Reached skill level 4 in Dodging
  2193 | D:8      | Reached XP level 9. HP: 48/48 MP: 9/15
  2294 | D:8      | Reached ** piety under Vehumet
  2416 | D:9      | Offered knowledge of Freeze by Vehumet.
  2459 | D:9      | Reached skill level 5 in Dodging
  2461 | D:9      | Reached skill level 5 in Spellcasting
  2486 | D:9      | Reached skill level 6 in Dodging
  2506 | D:9      | Reached skill level 10 in Earth Magic
  2555 | D:9      | Reached skill level 7 in Dodging
  2696 | D:9      | Found a staircase to the Lair.
  2703 | Lair:1   | Entered Level 1 of the Lair of Beasts
  2716 | Lair:1   | Noticed a cane toad
  2717 | Lair:1   | Noticed a cane toad
  2721 | Lair:1   | Killed a cane toad
  2722 | Lair:1   | Reached skill level 8 in Dodging
  2722 | Lair:1   | Reached XP level 10. HP: 53/53 MP: 17/22
  2724 | Lair:1   | Killed a cane toad
  2748 | Lair:1   | Offered knowledge of Dazzling Flash by Vehumet.
  2760 | Lair:1   | Learned a level 3 spell: Dazzling Flash
  2793 | Lair:1   | Found a transporter.
  2843 | Lair:2   | Noticed a four-headed hydra
  2854 | Lair:2   | Killed a four-headed hydra
  2855 | Lair:2   | Reached skill level 9 in Dodging
  2869 | Lair:2   | Noticed a cane toad
  2944 | Lair:2   | Found a hole to the Spider Nest.
  2964 | Lair:2   | Killed a cane toad
  2995 | Lair:2   | Noticed a cane toad
  3003 | Lair:2   | Killed a cane toad
  3004 | Lair:2   | Reached skill level 10 in Dodging
  3028 | Lair:2   | Noticed a cane toad
  3038 | Lair:2   | Reached *** piety under Vehumet
  3040 | Lair:2   | Killed a cane toad
  3110 | Lair:2   | Identified the +11 longbow "Cibac" {venom, Will- Str+3
                  | Int+2}
  3115 | Lair:2   | Noticed a six-headed hydra
  3146 | Lair:3   | Noticed an elephant
  3146 | Lair:3   | Noticed an elephant
  3146 | Lair:3   | Noticed an elephant
  3146 | Lair:3   | Noticed an elephant
  3146 | Lair:3   | Noticed an elephant
  3146 | Lair:3   | Noticed an elephant
  3179 | Lair:2   | Noticed a cane toad
  3187 | Lair:2   | Killed a cane toad
  3188 | Lair:2   | Reached skill level 1 in Bows
  3220 | Lair:2   | Reached XP level 11. HP: 38/61 MP: 18/25
  3322 | Lair:4   | Found a staircase to the Swamp.
  3596 | D:10     | Entered Level 10 of the Dungeon
  3673 | D:9      | Reached skill level 11 in Dodging
  3763 | D:10     | Offered knowledge of Sticky Flame by Vehumet.
  3795 | D:10     | Learned a level 3 spell: Portal Projectile
  3874 | D:10     | Reached skill level 5 in Hexes
  3874 | D:10     | Demolished by a wolf spider simulacrum

Illustrated notes

Levels and vault maps discovered:
D:1:      onia_arrival_zoo_common, layout_loops_ring
D:2:      layout_basic, basic_altar, minmay_hexomino_p4
D:3:      layout_loops_ring, minitemple, ebering_ecumenical_altar_abandoned,
          grunt_decor_arrowhead, minmay_misc_feat_cross,
          hangedman_abyss_or_decor_lesser_grid
D:4:      layout_basic, temple_pool_b, serial_shops, shop, shop, uniq_pikel
D:5:      layout_gridville, serial_shops, nicolae_shop_stone
D:6:      layout_loops_cross, grunt_ministairs_4, uniq_grinder
D:7:      layout_basic, hangedman_decor_peaks_small
D:8:      layout_rooms, cheibrodos_worm_habitat, st_stairs_9
D:9:      cheibrodos_steamvent, layout_basic, dpeg_oklobed_lair, minivault_11
D:10:     layout_long_grid, uniq_urug
Temple:   nicolae_temple_great_sept
Lair:1:   gammafunk_cloud_chamber, layout_concentric_octagons, uniq_gastronok
Lair:2:   layout_chaotic_city, spider_nest_entry_rubble
Lair:3:   layout_cave_pods, basic_altar, minmay_stone_trees_large, uniq_sonja,
          uniq_snorg
Lair:4:   nzn_winding_woodlands_stair_trap
          [nzn_winding_woodlands_5x15_sidewinder,
          nzn_winding_woodlands_5x15_pathside_ponds,
          nzn_winding_woodlands_5x15_zeroes,
          nzn_winding_woodlands_15x15_eel_pit,
          nzn_winding_woodlands_5x15_garden, nzn_winding_woodlands_5x15_parted,
          nzn_winding_woodlands_5x15_lazy_stream], layout_hall_layers,
          swamp_mist, lemuel_fruit_tree, lemuel_fruit_fields

Skill      XL: |  1  2  3  4  5  6  7  8  9 10 11 |
---------------+----------------------------------+-----
Earth Magic    | 4 5 6 7 8 9 10 | 10.0
Conjurations   | 2 3 4 5 |  5.0
Transmutations | 3 5 6 |  6.0
Evocations     | 3 4 |  4.0
Dodging        | 4 8 10 11 | 11.0
Fighting       | 2 4 |  4.0
Spellcasting   | 6 8 |  8.0
Hexes          | 4 5 |  5.4
Bows           | 2 4 |  4.0
Stealth        | |  2.4

Action                   |  1- 3 |  4- 6 |  7- 9 | 10-12 || total
-------------------------+-------+-------+-------+-------++-------
Melee: Dagger            |    21 |    17 |    12 |       ||    50
       Short sword       |       |       |    36 |    17 ||    53
 Fire: Longbow           |       |       |       |    19 ||    19
Throw: Dart              |     6 |    19 |     6 |     4 ||    35
 Cast: Sandblast         |    21 |    45 |    58 |    51 ||   175
       Passwall          |     1 |     2 |     2 |     3 ||     8
       Stone Arrow       |     1 |     2 |    24 |    32 ||    59
       Petrify           |       |       |     8 |     2 ||    10
       Dazzling Flash    |       |       |       |     8 ||     8
Evoke: Wand              |       |       |    60 |    11 ||    71
  Use: Scroll            |       |     3 |     1 |     2 ||     6
       Potion            |       |       |       |     1 ||     1
 Stab: Sleeping          |     1 |     1 |     2 |       ||     4
       Petrified         |       |       |    24 |    12 ||    36
       Invisible         |       |       |       |     1 ||     1
Armor: Robe              |     4 |    12 |     5 |     4 ||    25
       Steam dragon scal |       |       |       |     2 ||     2
Dodge: Dodged            |    10 |    30 |    42 |    50 ||   132

Table legend: (Time is in decaauts)
 A = Elapsed time spent in this place.
 B = Non-inter-level travel time spent in this place.
 C = Inter-level travel time spent in this place.
 D = Time resting spent in this place.
 E = Time spent auto-exploring this place.
 F = Levels seen in this place.
 G = Mean time per level.
                   A        B        C        D        E       F      G
               +--------+--------+--------+--------+--------+-----+--------+
         Total |   3960 |   3846 |    114 |      0 |      0 |  15 |  264.0 |
       Dungeon |   3047 |   2996 |     51 |      0 |      0 |  10 |  304.7 |
        Temple |     56 |     33 |     23 |      0 |      0 |   1 |   56.0 |
          Lair |    855 |    815 |     40 |      0 |      0 |   4 |  213.8 |
               +--------+--------+--------+--------+--------+-----+--------+

Top non-repeatable levels by time:
     D:9: 630 daAuts
  Lair:2: 481 daAuts
     D:2: 442 daAuts
     D:5: 346 daAuts
     D:6: 299 daAuts
     D:8: 284 daAuts
     D:4: 271 daAuts
     D:1: 243 daAuts
     D:3: 243 daAuts
  Lair:1: 164 daAuts
  Lair:3: 162 daAuts
     D:7: 144 daAuts
    D:10: 140 daAuts
  Temple: 56 daAuts
  Lair:4: 47 daAuts
